Unix NetHack Version 5.0.0-0 post-release - last build Jun 10 2026 00:39:30 (3ee93aec679c4c4259841fe613dc97188e26a321,branch:main).

Game began 2026-06-19 21:20:19, ended 2026-06-20 11:49:18.

LDaviesPeters, neutral female human Archeologist

                                         ----
                                ----------..|
                                |.....^.....|
                                |.....-----^|
                                |.....|   |.--
                                |.....|----..|
                                |.....|< ....|
                                ---.---------|
                                 |..--->---..|
                                 |...........|
                                 |...----.`..|
                                 |...|  |.[..|
                                 -----  ------

LDaviesPeters the Investigator  St:17 Dx:13 Co:13 In:15 Wi:14 Ch:11  Neutral
Dlvl:5  $:0  HP:0(46) Pw:28(28) AC:8  Xp:7 T:6894  Hallu

Latest messages:
 t - 2 food rations.
 r - a wooden ring.
 Q - a ring of gain strength.
 u - a wand called Vanish-1.
 D - a pair of lenses.
 What do you want to put on? [rB-DMQ or ?*] ?
 Which ring-finger, Right or Left? [rl] l
 Q - a +1 ring of gain strength (on left hand).
 The gnome mummy hits!
 You lash the gnome mummy!
 The gnome mummy hits!
 You lash the gnome mummy!
 The gnome mummy hits!
 You miss the gnome mummy.
 The gnome mummy hits!
 You destroy the gnome mummy!
 There are many objects here.
 Pick a monster, object or location.
 Y        an apelike creature (yeti)
 It explodes!
 You are caught in a blast of kaleidoscopic light!
 You are freaked out.
 Really step into that teleportation trap? [yn] (n) n
 With great effort you move the boulder.
 Pick a monster, object or location.
 +        a spellbook or a closed door (a spellbook)
 You descend the stairs.
 You stop waiting.
 You stop waiting.
 You stop waiting.
 You stop waiting.
 You stop waiting.
 You stop waiting.
 The hobgoblin butts!
 You stop waiting.
 The baby green dragon kicks!
 You miss the quivering blob.
 The Luggage butts!
 The gray dragon kicks!
 The large cat butts!
 The pushmi-pullyu kicks!
 You lash the land octopus!
 The centipede butts!
 The dropbear kicks!
 You die...
 Do you want your possessions identified? [ynq] (y) y
 Do you want to see your attributes? [ynq] (y) y
 Do you want an account of creatures vanquished? [ynaq] (y) n
 Do you want to see your conduct and achievements? [ynq] (y) y
 Do you want to see the dungeon overview? [ynq] (y) n

Inventory:
 Weapons  (')')
  F - 4 blessed +1 darts (at the ready)
  W - 5 +0 darts
  y - a blessed +3 dagger
  z - 4 +0 daggers
  a - a +2 bullwhip (weapon in right hand)
 Armor    ('[')
  E - an uncursed +0 pair of high boots
  j - an uncursed +0 cloak of invisibility (being worn)
  h - an uncursed +0 leather jacket (being worn)
 Comestibles  ('%')
  i - an uncursed clove of garlic
  t - 2 uncursed food rations
  v - 3 uncursed tripe rations
 Rings    ('=')
  M - an uncursed ring of free action
  C - a blessed +1 ring of gain constitution
  Q - a blessed +1 ring of gain strength (on left hand)
  r - an uncursed ring of levitation
 Wands    ('/')
  u - a wand of make invisible (0:6)
  O - a cursed wand of make invisible (0:4)
  q - a wand of polymorph (0:4)
  c - a wand of secret door detection (0:14)
  N - a cursed wand of slow monster (0:2)
 Tools    ('(')
  b - an uncursed sack containing 10 items
  s - a bag of tricks (0:12)
  k - an uncursed lock pick
  l - an uncursed oil lamp
  D - an uncursed pair of lenses
  f - a tinning kit (0:82)
  B - an uncursed towel
 Gems/Stones  ('*')
  g - an uncursed touchstone

Contents of the sack:
  521 gold pieces
  an uncursed scroll of amnesia
  a blessed scroll of earth
  an uncursed scroll of earth
  an uncursed scroll of light
  a cursed scroll of magic mapping
  2 uncursed scrolls of teleportation
  an uncursed potion of healing
  an uncursed potion of see invisible
  an uncursed potion of sleeping

LDaviesPeters the Archeologist's attributes:

Background:
 You were an Investigator, a level 7 female human Archeologist.
 You were neutral, on a mission for Camaxtli
 who was opposed by Quetzalcoatl (lawful) and Huhetotl (chaotic).
 You were right-handed.
 You were in Sokoban, on level 5.
 You entered the dungeon 6894 turns ago.
 You had 881 experience points, 399 more were needed to attain level 8.

Basics:
 You had 0 out of 46 hit points.
 You had all 28 energy points (spell power).
 Your armor class was 8.
 Your wallet was empty, but
 you had 521 buckazoids stashed away in your pack.
 Autopickup was off.

Final Characteristics:
 Your strength was 17 (base:16, limit:18/100).
 Your dexterity was 13 (limit:18).
 Your constitution was 13 (limit:18).
 Your intelligence was 15 (limit:18).
 Your wisdom was 14 (limit:18).
 Your charisma was 11 (limit:18).

Final Status:
 You were hallucinating.
 You weren't hungry.
 You were unencumbered.
 You were wielding a whip.
 You had expert skill with whip.

Final Attributes:
 You were piously aligned.
 You were telepathic.
 You had automatic searching.
 You were invisible.
 You were stealthy.
 You were warded.
 You were unlucky.
 You are dead.

Miscellaneous:
 You encountered 1 bones level.
 Total elapsed playing time was 2 hours, 25 minutes and 16 seconds.

Major events:
 Turn
    1: LDaviesPeters the neutral female human Archeologist entered the dungeon
 1299: attained the rank of Field Worker (level 3)
 2986: entered the Gnomish Mines
 4224: attained the rank of Investigator (level 6)
 5688: entered Sokoban
 5958: completed 1st Sokoban level
 6808: completed 2nd Sokoban level
 6894: killed by a hallucinogen-distorted black unicorn

Spells:
 Name                 Level Category     Fail Retention
 healing                1   healing        3%   51%-75%
 confuse monster        1   enchantment    3%  76%-100%
 fireball               4   attack       100%  76%-100%

Skills:
 Fighting Skills
   bare handed combat [Unskilled]
   two weapon combat  [Unskilled]
   riding             [Unskilled]
 Weapon Skills
   dagger             [Unskilled]
   knife              [Unskilled]
   pick-axe           [Basic]
   short sword        [Unskilled]
   saber              [Unskilled]
   club               [Unskilled]
   quarterstaff       [Unskilled]
   sling              [Unskilled]
   dart               [Unskilled]
   boomerang          [Unskilled]
   whip               [Expert]
   unicorn horn       [Unskilled]
 Spellcasting Skills
   attack spells      [Unskilled]
   healing spells     [Unskilled]
   divination spells  [Unskilled]
   matter spells      [Unskilled]

Voluntary challenges:
 Character rerolling was not enabled.
 You never genocided any monsters.
 You never polymorphed an object.
 You never changed form.
 You used no wishes.
 You violated the special Sokoban rules twice.
Achievements:
 You entered a shop.
 You attained the rank of Field Worker.
 You entered the Gnomish Mines.
 You attained the rank of Investigator.
 You entered Sokoban.

 The Dungeons of Doom: levels 1 to 6
    Level 1:
    Level 2:
       A tool shop.
    Level 3:
       A general store, an altar.
    Level 4:
       A grave.
       Stairs down to The Gnomish Mines.
    Level 5:
    Level 6:
       A grave.
       Stairs up to Sokoban, level 5.
 The Gnomish Mines: levels 5 to 6
    Level 5:
       A grave.
       Final resting place for
          pots164-Wiz-Elf-Mal-Cha, killed by a dwarf.
    Level 6:
 Sokoban: levels 5 up to 4
    Level 4:
       Solved.
    Level 5: <- You were here.
       Solved.
       Final resting place for
          you, killed by a hallucinogen-distorted black unicorn.


Vanquished creatures:
  a ghost
  a giant beetle
  a black light
  a vampire bat
  a gnome ruler
  a dingo
  a dwarf leader
  a raven
  a gnome mummy
  a soldier ant
  2 imps
  2 water nymphs
  2 rock piercers
  a rock mole
  a fog cloud
  a yellow light
  a shrieker
  a gnome leader
  3 giant ants
  a little dog
  3 floating eyes
  a kitten
  4 dwarves
  2 kobold leaders
  8 hill orcs
  a rothe
  a giant bat
  2 monkeys
 an orc zombie
  a werejackal
  6 iguanas
  2 acid blobs
  a coyote
  2 hobbits
  2 large kobolds
  a hobgoblin
  6 giant rats
  4 cave spiders
  a yellow mold
  2 green molds
 11 gnomes
  4 garter snakes
  6 geckos
  7 jackals
  5 foxes
  3 kobolds
  5 goblins
  9 grid bugs
  a bat
  6 lichens
  4 kobold zombies
 11 newts
148 creatures vanquished.

No species were genocided or became extinct.

Game over:
                       ----------
                      /          \
                     /    REST    \
                    /      IN      \
                   /     PEACE      \
                  /                  \
                  |  LDaviesPeters   |
                  |      521 Au      |
                  |   killed by a    |
                  | hallucinogen-dis |
                  |   torted black   |
                  |     unicorn      |
                  |       2026       |
                 *|     *  *  *      | *
        _________)/\\_//(\/(/\)/\//\/|_)_______

Goodbye LDaviesPeters the Archeologist...

You died in Sokoban on dungeon level 5 with 4273 points,
and 521 pieces of gold, after 6894 moves.
You were level 7 with a maximum of 46 hit points when you died.

